 Dungeon Crawl Stone Soup version 0.21-a0-615-g8e08f28 (webtiles) character file.

125 zxpr0jk the Ducker (level 5, -8/35 HPs)
             Began as a Halfling Gladiator on Dec 22, 2017.
             Mangled by a scorpion (9 damage)
             ... on level 3 of the Dungeon.
             The game lasted 00:02:37 (1726 turns).

zxpr0jk the Ducker (Halfling Gladiator)             Turns: 1726, Time: 00:02:38

Health: -8/35      AC:  5    Str: 16    XL:     5   Next: 30%
Magic:  5/5        EV: 17    Int:  6    God:
Gold:   84         SH:  0    Dex: 16    Spells: 4/4 levels left

rFire    + . .     SeeInvis .   a - +0 long sword
rCold    + . .     Gourm    .   (shield restricted)
rNeg     . . .     Faith    .   b - +0 leather armour
rPois    .         Spirit   .   c - +0 helmet
rElec    .         Reflect  .   p - scarf {rC+ rF+}
rCorr    .         Harm     .   k - +0 pair of gloves
MR       .....     Rnd*Tele +   (no boots)
Stlth    +.........             (no amulet)
HPRegen  0.11/turn              q - ring of teleportation (curse)
MPRegen  0.09/turn              (no ring)

@: lethally poisoned (-8 -> -21), hasted, very quick
A: small, mutation resistance 1
a: no special abilities


You were on level 3 of the Dungeon.
You were not hungry.

You visited 1 branch of the dungeon, and saw 3 of its levels.

You collected 84 gold pieces.

Inventory:

Hand Weapons
 a - a +0 long sword (weapon)
Missiles
 d - a throwing net (quivered)
Armour
 b - a +0 leather armour (worn)
 c - a +0 helmet (worn)
 k - a +0 pair of gloves (worn)
 p - a scarf of resistance (worn)
Jewellery
 q - a cursed ring of teleportation (left hand)
Scrolls
 j - 4 scrolls of remove curse {unknown}
 l - 4 scrolls of identify {unknown}
 m - a scroll of teleportation {unknown}
 n - 2 scrolls of fear {unknown}
Potions
 g - a potion of might {unknown}
 h - a potion of curing {unknown}
 i - 2 potions of degeneration {unknown}
 o - a potion of lignification {unknown}
 s - a potion of heal wounds {unknown}
Comestibles
 f - 2 rations
 r - 2 chunks of flesh


   Skills:
 + Level 2.6 Fighting
 * Level 4.2 Long Blades
 - Level 2.0 Throwing
 * Level 4.6 Dodging


You had 4 spell levels left.
You didn't know any spells.

Dungeon Overview and Level Annotations

Branches:
Dungeon (3/15)

Altars:
Hepliaklqana


Innate Abilities, Weirdness & Mutations

You are small and have problems with some larger weapons.
You are somewhat resistant to further mutation.


Message History

The scorpion stings you.
* * * LOW HITPOINT WARNING * * *
Throwing (i - inventory):
d - 2 throwing nets (quivered)
Press: ? - help, Shift-Dir - straight line, f/p - scorpion
Aim: a scorpion (lightly wounded)
You throw a throwing net.
The throwing net barely misses the scorpion.
* * * LOW HITPOINT WARNING * * *
You feel sick.
You hit the scorpion.
The scorpion is heavily wounded.
* * * LOW HITPOINT WARNING * * *
You feel sick.
The scorpion stings you but does no damage.
The scorpion stings you.
* * * LOW HITPOINT WARNING * * *
It was a potion of haste.
You feel yourself speed up.
* * * LOW HITPOINT WARNING * * *
You feel sick. The scorpion stings you!
You die...

.# .######### #######
.##......# ......#
.##.####.# ......#
.##......##
......#####.######...#
.......).....##......#
.....†####...##.##...####.##
..........<.....s@..........
....########..(..#...#######
....# #.###.#...# ....#
#.#...#...# ....#
#.....##### ....# ###.#.#
....##########.#.###
...................#
....##########.#.#..#


You could see a scorpion.

Vanquished Creatures
  6 adders
  2 dart slugs
  A leopard gecko (D:1)
  2 giant cockroaches
  7 goblins
  4 hobgoblins
  9 jackals
  2 quokkas
  A ball python (D:1)
  9 bats
  6 frilled lizards
  10 kobolds
  7 rats
66 creatures vanquished.

Notes
Turn   | Place    | Note
-------+----------+-------------------------------------------
     0 | D:1      | zxpr0jk the Halfling Gladiator began the quest for the Orb.
     0 | D:1      | Reached XP level 1. HP: 14/14 MP: 1/1
   161 | D:1      | Reached XP level 2. HP: 19/19 MP: 2/2
   282 | D:1      | Reached XP level 3. HP: 20/24 MP: 3/3
   860 | D:2      | Found a faded altar of an unknown god.
   861 | D:2      | Reached XP level 4. HP: 20/29 MP: 4/4
  1034 | D:2      | Found a hazy altar of Hepliaklqana.
  1076 | D:2      | Reached XP level 5. HP: 20/35 MP: 5/5
  1726 | D:3      | HP: 1/35 [poisoned by a scorpion]
  1726 | D:3      | Mangled by a scorpion

Vault maps used:
D:1:      elethiomel_arrival_maze, hangedman_decor_points,
          corexii_leaking_fountain, minmay_misc_feat_enclosed
D:2:      old_standard_altar, chequers_ecumenical_altar_simple_redux,
          minmay_misc_feat_columns, minmay_misc_feat_diagonals,
          item_on_display_a
D:3:      first_ration, uniq_terence

Skill      XL: |  1  2  3  4 |
---------------+-------------+-----
Fighting       | 2 |  2.6
Dodging        | 4 |  4.6
Long Blades    | 4 |  4.2
Throwing       | |  2.0

Action                   |  1- 3 |  4- 6 || total
-------------------------+-------+-------++-------
Melee: Long sword        |   102 |    83 ||   185
Throw: Throwing net      |       |     2 ||     2
  Use: Potion            |       |     1 ||     1
  Eat: Chunk             |       |     3 ||     3
Armor: Leather armour    |    33 |    26 ||    59
Dodge: Dodged            |   104 |   105 ||   209
       Rpst.: Long sword |    25 |    43 ||    68

Table legend:
 A = Spawn XP
 B = Non-spawn XP
 C = Spawn XP percentage of total XP
 D = Spawn monster count
 E = Non-spawn monster count
 F = Spawn count percentage of total count
 G = Total turns spent on level
                    A         B        C        D         E        F      G
               +---------+---------+-------+---------+---------+-------+---------
         Total |       0 |     179 |   0.0 |       0 |      66 |   0.0 |  1726
               +---------+---------+-------+---------+---------+-------+---------
           D:1 |       0 |      39 |   0.0 |       0 |      24 |   0.0 |   709
           D:2 |       0 |     116 |   0.0 |       0 |      34 |   0.0 |   918
           D:3 |       0 |      24 |   0.0 |       0 |       8 |   0.0 |    99
               +---------+---------+-------+---------+---------+-------+---------
